 Dungeon Crawl Stone Soup version 0.16-a0-4127-g24fbb24 (webtiles) character file.

9403 vatarom the Nimble (level 11, -21/60 HPs)
             Began as a Vine Stalker Assassin on Mar 2, 2015.
             Was a High Priest of Okawaru.
             Demolished by an orc knight
             ... wielding a +0 great mace
              (24 damage)
             ... on level 12 of the Dungeon.
             The game lasted 00:26:54 (10082 turns).

vatarom the Nimble (Vine Stalker Assassin)         Turns: 10082, Time: 00:26:54

Health: -21/60     AC: 10    Str: 16    XL:     11   Next: 46%
Magic:  0/15       EV: 20    Int: 14    God:    Okawaru [*****.]
Gold:   561        SH:  4    Dex: 19    Spells: 0 memorised, 10 levels left

rFire  . . .     SeeInvis .     c - +4 dagger (elec)
rCold  . . .     Clarity  +     f - +1 leather armour {rPois}
rNeg   + . .     SustAb   +     x - +0 buckler
rPois  +         Gourm    .     (helmet restricted)
rElec  .         Spirit   +     t - +1 cloak {+Inv}
rCorr  .         Warding  +     j - +2 pair of gloves
rMut   .         Stasis   .     s - +0 pair of boots
MR     +....                    i - amulet of warding
Stlth  +++.......               D - +3 ring of intelligence
                                p - ring of sustain abilities

@: about to teleport, somewhat resistant to hostile enchantments, fairly
stealthy
A: antennae 1, fangs 3, agile 1, clarity, regeneration 2, magic shield,
antimagic bite, no device heal 3, rot immunity
a: Heroism, Finesse, Renounce Religion, Evoke Invisibility


You were on level 12 of the Dungeon.
You worshipped Okawaru.
Okawaru was extremely pleased with you.
You were not hungry.

You visited 2 branches of the dungeon, and saw 13 of its levels.

You collected 561 gold pieces.

Inventory:

Hand weapons
 b - a +0 blowgun
 c - a +4 dagger of electrocution (weapon)
Missiles
 e - 34 poisoned needles
 k - 2 curare-tipped needles (quivered)
Armour
 f - a +1 leather armour of poison resistance (worn)
 j - a +2 pair of gloves (worn)
 s - a +0 pair of boots (worn)
 t - a +1 cloak of invisibility (worn)
 x - a +0 buckler (worn)
 N - a +1 hat
Jewellery
 i - an amulet of warding (around neck)
 p - a ring of sustain abilities (left hand)
 A - an uncursed ring of fire
 D - a +3 ring of intelligence (right hand)
 M - a cursed ring of loudness {unknown}
Magical devices
 n - a wand of hasting (0)
 o - a wand of slowing (48)
 y - a wand of teleportation (0)
 B - a wand of magic darts (15)
 C - a wand of slowing (33)
 F - a wand of random effects (27)
 G - a wand of fire (7)
 H - a wand of lightning (3)
Scrolls
 d - 7 scrolls of identify
 h - 3 scrolls of teleportation
 l - a scroll of recharging
 q - 4 scrolls of amnesia
 w - 6 scrolls of remove curse
Potions
 a - 2 potions of curing
 z - a potion of flight
 J - a potion of restore abilities
 K - a potion of might
Books
 E - a book of Beasts

   Spells                             Type                      Level
   a - Summon Butterflies             Summoning                    1
   b - Call Canine Familiar           Summoning                    3
   c - Summon Ice Beast               Ice/Summoning                4
   d - Summon Mana Viper              Hexes/Summoning              5
   e - Monstrous Menagerie            Summoning                    6
   f - Summon Hydra                   Summoning                    7
Miscellaneous
 L - an ornate deck of defence {drawn: 1}
Comestibles
 g - 3 meat rations
 m - 15 fruits
 r - 4 bread rations
 u - a royal jelly
 v - 5 beef jerkies
 I - 7 slices of pizza


   Skills:
 - Level 8.7 Fighting
 + Level 6.5 Short Blades
 - Level 1.7 Throwing
 - Level 1.3 Armour
 - Level 11.0 Dodging
 - Level 5.4 Stealth


You had 10 spell levels left.
You didn't know any spells.

Dungeon Overview and Level Annotations

Branches:
Dungeon (12/15)            Temple (1/1) D:6            Lair (0/8) D:10
    Orc: D:9-12

Altars:
Ashenzari
Cheibriados
Dithmenos
Elyvilon
Fedhas
Gozag
Kikubaaqudgha
Makhleb
Nemelex Xobeh
Okawaru
Qazlal
Ru
Sif Muna
Trog
Vehumet
Xom
Yredelemnul
Zin
The Shining One

Shops:
D:5 :

Portals:
Trove: D:10 (give 21 scrolls of identify)


Innate Abilities, Weirdness & Mutations

You have razor-sharp teeth.
You heal very quickly.
When hurt, damage is shared between your health and your magic reserves.
Your bite disrupts and absorbs the magic of your enemies.
Potions and wands cannot restore your health.
You are immune to rotting.
You have a pair of small antennae on your head.
You are agile. (Dex +2)
You possess an exceptional clarity of mind.


Message History

Things that are here:
a flail; a scale mail; an orc corpse You closely miss the orc.
You bite the orc. You drain its power.
The orc is moderately wounded.
You puncture the orc! You bite the orc. You drain its power.
You kill the orc!
Okawaru accepts your kill.
The orc knight hits you from afar with a glaive!!
The orc knight shouts!
Read which item? (? for menu, Esc to quit)
As you read the scroll of teleportation, it crumbles to dust.
You feel strangely unstable.
You hit the orc knight but do no damage.
Your bite misses the orc knight.
The orc knight hits you from afar with a glaive!!
* * * LOW HITPOINT WARNING * * *
The orc knight barely misses you.
Unknown command.
The orc knight hits you with a great mace!!
You die...

#.......h# #........#
#........# #...)o)..#
#####h#### #o# #)## #o.#
######+# ####@#####
#.<..... #........#
#.......
#..........)#####.......
..##.......)).)##.......
#)......)##))#.......
#........###.).......
###......# ###.......
oo........# ###+####
..#..>...#


You could see 2 orc knights, a hound and an orc (frenzied).

Vanquished Creatures
  An unseen horror (D:10)
  A hill giant (D:10)
  Joseph (D:7)
  2 komodo dragons (D:10)
  Prince Ribbit (D:5)
  A two-headed ogre (D:10)
  A wraith (D:11)
  A hog (D:10)
  Eustachio (D:4)
  A human (D:10)
  5 yaks (D:10)
  Edmund (D:4)
  Menkaure (D:4)
  A water moccasin (D:10)
  8 ogres
  7 orc warriors
  3 sky beasts
  A necrophage (D:9)
  An ice beast (D:8)
  2 phantoms
  2 big kobolds
  8 centaurs
  Blork the orc (D:6)
  A wyvern zombie (D:7)
  A wyvern skeleton (D:10)
  A giant frog (D:6)
  6 scorpions
  4 electric eels (D:9)
  3 wights (D:8)
  11 crimson imps
  A goliath beetle (D:7)
  An iron imp (D:4)
  A jelly (D:5)
  A giant frog zombie (D:6)
  3 iguanas
  12 orc priests
  8 orc wizards
  A centaur skeleton (D:9)
  4 hounds
  A quasit (D:11)
  3 worker ants
  A killer bee zombie (D:10)
  3 sheep (D:10)
  A hound zombie (D:9)
  A hound skeleton (D:10)
  A worker ant zombie (D:5)
  15 adders
  A river rat (D:4)
  14 gnolls
  2 shadow imps
  A giant mite (D:2)
  A white imp (D:4)
  4 worms
  An adder skeleton (D:8)
  An adder zombie (D:8)
  2 oozes (D:2)
  61 orcs
  A bat skeleton (D:8)
  A bat zombie (D:5)
  A gnoll zombie (D:8)
  22 goblins
  17 hobgoblins
  18 jackals
  3 quokkas
  6 ball pythons
  15 bats
  7 giant cockroaches
  4 giant geckos
  3 giant newts
  A jackal skeleton (D:4)
  29 kobolds
  A quokka skeleton (D:9)
  7 rats
  4 ballistomycetes (D:8)
  A plant (D:2)
366 creatures vanquished.

Vanquished Creatures (others)
  A worker ant (D:5)
  A hound skeleton (D:8)
  2 hobgoblins
  2 quokkas (D:5)
  A giant spore (D:8)
  A rat (D:5)
  A plant (D:10)
9 creatures vanquished.

Grand Total: 375 creatures vanquished

Notes
Turn   | Place    | Note
--------------------------------------------------------------
     0 | D:1      | vatarom, the Vine Stalker Assassin, began the quest for the Orb.
     0 | D:1      | Reached XP level 1. HP: 11/11 MP: 1/1
    53 | D:1      | Reached skill level 5 in Stealth
   105 | D:1      | Reached XP level 2. HP: 15/15 MP: 3/3
   454 | D:1      | Reached skill level 1 in Armour
   473 | D:1      | Reached XP level 3. HP: 18/18 MP: 4/4
   693 | D:1      | Reached skill level 1 in Dodging
   930 | D:2      | Reached XP level 4. HP: 17/23 MP: 5/5
  1117 | D:2      | Found a snail-covered altar of Cheibriados.
  1654 | D:2      | Reached XP level 5. HP: 26/26 MP: 7/7
  2261 | D:3      | Gained mutation: You heal very quickly. [vine stalker growth]
  2261 | D:3      | Reached XP level 6. HP: 30/30 MP: 8/8
  2372 | D:3      | Found a white marble altar of Elyvilon.
  2893 | D:4      | Noticed Menkaure
  2904 | D:4      | Killed Menkaure
  3305 | D:4      | Noticed Edmund
  3317 | D:4      | Killed Edmund
  3317 | D:4      | Reached skill level 5 in Short Blades
  3317 | D:4      | Reached XP level 7. HP: 17/34 MP: 5/9
  3776 | D:4      | You fall through a shaft!
  3776 | D:5      | Entered Level 5 of the Dungeon
  3863 | D:4      | Noticed Eustachio
  3925 | D:4      | Killed Eustachio
  4206 | D:5      | Gained mutation: You have razor-sharp teeth. [vine stalker growth]
  4206 | D:5      | Reached XP level 8. HP: 25/42 MP: 11/11
  4223 | D:5      | Found a shimmering altar of Xom.
  4271 | D:5      | Reached skill level 5 in Fighting
  4682 | D:5      | Found a blossoming altar of Fedhas.
  4726 | D:5      | Noticed Prince Ribbit
  4729 | D:5      | Killed Prince Ribbit
  4729 | D:5      | Reached skill level 6 in Fighting
  4742 | D:5      | Found Akaus' Book Boutique.
  4801 | D:5      | Reached skill level 7 in Fighting
  5102 | D:6      | Noticed Blork the orc
  5111 | D:6      | Killed Blork the orc
  5121 | D:6      | Reached XP level 9. HP: 44/51 MP: 10/12
  5176 | D:6      | Found a staircase to the Ecumenical Temple.
  5183 | Temple   | Entered the Ecumenical Temple
  5269 | D:6      | Reached skill level 8 in Fighting
  5339 | D:6      | Found an iron altar of Okawaru.
  5363 | D:6      | Became a worshipper of Warmaster Okawaru
  5901 | D:7      | Noticed Joseph
  5936 | D:7      | HP: 2/52 [Joseph/sling bullet (17)]
  5939 | D:7      | Killed Joseph
  5976 | D:6      | Acquired Okawaru's first power
  6117 | D:7      | Reached skill level 5 in Dodging
  6290 | D:7      | Gained mutation: You are clumsy. (Dex -2) [mutagenic meat]
  6626 | D:8      | Found a glowing silver altar of Zin.
  6648 | D:8      | Reached XP level 10. HP: 57/57 MP: 13/13
  6763 | D:8      | Found a shattered altar of Ashenzari.
  7060 | D:8      | Found a sacrificial altar of Ru.
  7166 | D:9      | Found a sacrificial altar of Ru.
  7539 | D:9      | Lost mutation: You are clumsy. (Dex -2) [mutagenic meat]
  7643 | D:9      | Gained mutation: You are agile. (Dex +2) [potion of mutation]
  7643 | D:9      | Gained mutation: You have a pair of small antennae on your head. [potion of mutation]
  7643 | D:9      | Gained mutation: You possess an exceptional clarity of mind. [potion of mutation]
  7958 | D:10     | Entered Level 10 of the Dungeon
  7992 | D:10     | Found a staircase to the Lair.
  8200 | D:10     | Reached skill level 9 in Dodging
  8304 | D:10     | Noticed a hill giant
  8326 | D:10     | Killed a hill giant
  8514 | D:10     | Reached skill level 10 in Dodging
  8530 | D:10     | Reached XP level 11. HP: 56/60 MP: 15/15
  8577 | D:10     | Killed an unseen horror
  8727 | D:10     | Found a portal to a secret trove of treasure.
  8847 | D:10     | Acquired Okawaru's second power
  8847 | D:10     | Reached skill level 11 in Dodging
  9203 | D:11     | Noticed a seven-headed hydra
  9360 | D:11     | Received a gift from Okawaru
  9908 | D:12     | Noticed an orc knight
 10029 | D:12     | Noticed an orc knight
 10080 | D:12     | HP: 1/60 [orc knight/glaive (22)]
 10082 | D:12     | Demolished by an orc knight

Action                   |  1- 3 |  4- 6 |  7- 9 | 10-12 || total
-------------------------+-------+-------+-------+-------++-------
Melee: Dagger            |    62 |   302 |   487 |   636 ||  1487
 Fire: Blowgun           |       |     2 |    21 |     7 ||    30
Invok: Heroism           |       |       |       |     1 ||     1
Evoke: Wand              |       |       |       |     2 ||     2
       Deck              |       |       |       |     1 ||     1
  Use: Scroll            |     2 |     5 |     4 |     7 ||    18
       Potion            |     1 |       |     3 |     4 ||     8
 Stab: Sleeping          |     6 |    11 |     7 |     2 ||    26
       Distracted        |     1 |       |       |     2 ||     3
  Eat: Bread ration      |       |     2 |       |     1 ||     3
       Pizza             |       |       |     2 |       ||     2
       Meat ration       |       |       |     2 |     1 ||     3
       Chunk             |       |       |     1 |     1 ||     2
